Map: Romanticide LE

Players

Krystianer - Winner!

  • Race: Protoss Protoss
  • League: Grandmaster
  • Spawn Location: 11:00

Kas

  • Race: Terran Terran
  • Spawn Location: 5:00

Event: DreamHack SC2 Masters 2020 Winter

VOD

Have the link to the VOD?

Description

Time

  • Played on: Oct. 29, 2020, 1:55 p.m.
  • Length: 8:59

All games in this series

Show
View Real Time Build Order
Export as new Build Order

Krystianer Protoss - Winner!

Build Orders: 1 Gate Expand, Zealot Archon, Archon Drop, Dark Templar Rush 

Get SALT Encoding   

  12  0:00  Probe  
  13  0:12  Probe  
  14  0:17  Pylon  
  14  0:24  Probe (Chrono Boost)  
  16  0:36  Probe (Chrono Boost), Gateway  
  16  0:43  Probe (Chrono Boost)  
  16  0:45  Assimilator  
  17  0:50  Probe  
  18  1:03  Probe  
  19  1:15  Probe  
  20  1:23  Cybernetics Core  
  20  1:27  Probe  
  21  1:33  Nexus  
  21  1:41  Pylon  
  21  1:43  Probe  
  22  1:49  Assimilator  
  22  1:55  Probe  
  22  1:56  Adept (Chrono Boost)  
  22  2:01  Warp Gate  
  25  2:07  Probe  
  25  2:16  Stalker (Chrono Boost)  
  25  2:19  Probe  
  28  2:31  Probe  
  28  2:32  Twilight Council  
  30  2:45  Probe (Chrono Boost)  
  30  2:49  Probe (Chrono Boost), Stalker  
  33  2:54  Probe (Chrono Boost)  
  33  2:57  Probe (Chrono Boost)  
  35  2:59  Probe (Chrono Boost)  
  35  3:05  Robotics Facility  
  36  3:08  Probe  
  36  3:11  Probe  
  36  3:20  Probe  
  36  3:23  Probe  
  38  3:30  Dark Shrine  
  38  3:32  Probe  
  38  3:33  Gateway  
  38  3:34  Gateway  
  39  3:37  Pylon  
  39  3:40  Probe  
  40  3:44  Probe  
  41  3:48  Assimilator  
  41  3:50  Warp Prism (Chrono Boost)  
  41  3:55  Probe  
  44  3:58  Probe  
  44  4:01  Pylon  
  45  4:06  Stalker  
  45  4:07  Probe  
  48  4:10  Probe  
  49  4:17  Pylon  
  49  4:19  Pylon, Assimilator  
  49  4:22  Probe x2  
  51  4:42  Dark Templar x2  
  51  4:43  Dark Templar  
  51  4:45  Pylon  
  57  4:51  Nexus  
  57  4:53  Probe  
  57  4:54  Probe  
  57  5:04  Robotics Bay  
  57  5:05  Probe  
  59  5:07  Probe  
  59  5:17  Probe  
  59  5:19  Probe  
  61  5:24  Forge  
  61  5:25  Gateway  
  61  5:29  Gateway  
  61  5:30  Probe (Chrono Boost)  
  61  5:31  Probe (Chrono Boost)  
  61  5:37  Charge  
  61  5:42  Probe (Chrono Boost)  
  63  5:43  Probe (Chrono Boost)  
  63  5:44  Dark Templar x3  
  63  5:47  Probe (Chrono Boost)  
  63  5:48  Probe (Chrono Boost), Archon  
  63  5:49  Archon  
  71  5:53  Protoss Ground Weapons Level 1 (Chrono Boost)  
  71  6:00  Gateway  
  71  6:02  Gateway  
  71  6:03  Probe (Chrono Boost)  
  74  6:09  Probe x2 (Chrono Boost)  
  74  6:10  Colossus (Chrono Boost)  
  74  6:13  Probe (Chrono Boost)  
  74  6:18  Gateway  
  81  6:23  Sentry, Zealot x2  
  81  6:25  Probe  
  88  6:30  Pylon  
  88  6:34  Extended Thermal Lance (Chrono Boost), Zealot x2  
  88  6:37  Shield Battery  
  92  6:41  Pylon  
  92  6:46  Probe  
  85  6:53  Probe  
  79  6:57  Colossus (Chrono Boost)  
  79  7:00  Probe  
  82  7:02  Probe  
  82  7:05  Probe  
  83  7:12  Probe  
  83  7:13  Zealot x5  
  94  7:20  Probe  
  95  7:27  Pylon, Zealot x3  
  95  7:29  Probe  
  101  7:37  Colossus (Chrono Boost)  
  101  7:41  Probe x2  
  101  7:42  Probe  
  110  7:45  Pylon  
  110  7:47  Zealot  
  110  7:50  Zealot  
  114  7:56  Zealot x3  
  118  8:01  Zealot x2  
  122  8:11  Zealot x2  
  122  8:12  Zealot  
  126  8:15  Probe  
  126  8:16  Probe  
  126  8:23  Pylon, Dark Templar x3  
  126  8:25  Dark Templar  
  133  8:29  Archon x2  
  133  8:30  Pylon  
  133  8:38  Pylon  
  133  8:41  Zealot x3  
  133  8:42  Zealot  
  133  8:43  Probe  
  117  8:56  Stalker  
  117  8:57  Stalker x3  
Show
View Real Time Build Order
Export as new Build Order

Kas Terran 

Build Orders: Reaper Expand 

Get SALT Encoding   

  12  0:00  SCV  
  13  0:12  SCV  
  14  0:17  Supply Depot  
  14  0:24  SCV  
  15  0:38  SCV  
  15  0:39  Barracks  
  16  0:43  Refinery  
  16  0:50  SCV  
  17  1:02  SCV  
  18  1:14  SCV  
  19  1:27  Reaper, Orbital Command  
  20  1:52  Command Center  
  20  1:54  SCV  
  21  1:59  Marine  
  21  2:00  Supply Depot  
  22  2:06  SCV  
  23  2:09  Factory  
  23  2:14  Refinery  
  23  2:20  Barracks Reactor  
  23  2:22  SCV  
  24  2:27  Bunker  
  24  2:34  SCV  
  25  2:46  SCV  
  25  2:59  Marine x2  
  25  3:00  Hellion  
  25  3:01  Starport  
  29  3:09  SCV  
  29  3:16  Marine  
  29  3:17  Marine  
  30  3:21  SCV  
  30  3:23  Factory Tech Lab  
  31  3:35  SCV, Orbital Command  
  31  3:39  Marine  
  31  3:40  Marine  
  34  3:47  SCV, Raven  
  37  3:49  Barracks  
  37  3:59  SCV  
  37  4:00  Barracks  
  37  4:01  SCV  
  37  4:02  Factory Tech Lab  
  39  4:04  Marine x2  
  41  4:11  SCV  
  41  4:16  Supply Depot  
  43  4:17  SCV  
  43  4:22  Marine x2  
  43  4:23  SCV  
  46  4:28  Supply Depot  
  46  4:37  SCV, Siege Tank  
  49  4:38  SCV  
  49  4:44  Marine x2  
  49  4:45  Stimpack  
  52  4:49  SCV, Starport Reactor  
  52  4:50  SCV, Engineering Bay  
  52  4:52  Marauder  
  53  5:01  SCV  
  53  5:03  SCV  
  50  5:20  SCV x2  
  50  5:25  Missile Turret  
  48  5:32  SCV x2  
  48  5:38  Marauder x2, Marine x2  
  54  5:44  SCV x2  
  56  5:50  Refinery  
  56  5:52  Combat Shield, Factory Tech Lab  
  56  5:56  SCV x2  
  58  6:02  Supply Depot  
  58  6:06  Supply Depot  
  58  6:08  SCV x2  
  56  6:18  Terran Infantry Weapons Level 1  
  56  6:20  SCV x2, Marine x2  
  56  6:22  Marine  
  56  6:25  Marine  
  60  6:30  Siege Tank  
  60  6:32  SCV x2  
  64  6:35  Refinery  
  64  6:37  Marine  
  64  6:38  Concussive Shells  
  66  6:44  SCV  
  66  6:45  SCV  
  68  6:49  Medivac  
  68  6:53  Marine  
  70  6:57  SCV x2  
  70  6:59  Marine x3  
  70  7:00  Supply Depot  
  70  7:01  Supply Depot  
  75  7:09  SCV x2  
  75  7:11  Marine  
  78  7:22  SCV x2, Medivac, Marauder x2, Marine, Siege Tank  
  90  7:29  Medivac  
  92  7:35  Supply Depot  
  92  7:36  Supply Depot  
  92  7:44  Marauder  
  94  7:56  Marauder, Siege Tank  
  97  8:02  SCV  
  97  8:05  Marauder  
  94  8:14  Liberator x2  
  94  8:15  Marine x2  
  94  8:17  SCV x2  
  104  8:23  Supply Depot  
  104  8:24  Supply Depot  
  104  8:29  SCV, Marauder x2  
  104  8:30  SCV  
Tags
 
Add a new tag
Caveats
  • Supply blocks, unpowered buildings, or Contaminate may cause inaccurate times.
  • Supply counts are checked every 10 seconds.